AoeStats
← RIO1000

Arabia

507872183Analyzed
1v1 RM · 13d ago on Sep 20, 2026· 28m 12s· 2 players
Game mode
Random Map
Map size
Tiny (2 player)
Population
200
Speed
Normal
Resources
Standard
Victory
Conquest
Starting age
Dark Age
Ending age
Imperial Age
RankedLock teamsTeams togetherTeam positionsShared explorationLock speedFull tech treeHidden civsTurbo modeCheats
Victory
Defeat
🇲🇽 Magyars · Mexico
853
+13
🇲🇽 Aztecs · Mexico
785
-13
Teorino la Torre
7:59 Loom
10:16 Feudal Age
13:17 Double-Bit Axe
15:13 Man-at-Arms
19:42 Horse Collar
23:17 Town Watch
25:18 Forging
27:33 Castle Age
27:36 Pikeman
RIO1000
9:48 Feudal Age
9:43 Loom
10:17 Double-Bit Axe
11:20 Horse Collar
21:19 Castle Age
19:16 Gold Mining
21:02 Scale Barding Armor
21:40 Bloodlines
22:07 Husbandry
23:27 Bow Saw
Connection lost

Rejoining the realm…

Still unreachable

The connection could not be restored.

Session expired

The server has moved on; the page needs a fresh start.